 Dungeon Crawl Stone Soup version 0.31-a0-7-g51783674b7 (webtiles) character file.

Game seed: 1721715659173122966

290 pokeman the Magician (level 6, -1/34 HPs)
             Began as a Deep Elf Hedge Wizard on May 5, 2023.
             Slain by a water moccasin zombie (5 damage)
             ... in an ossuary.
             The game lasted 00:09:34 (4407 turns).

pokeman the Magician (Deep Elf Hedge Wizard)        Turns: 4407, Time: 00:09:35

Health: -1/34      AC:  4    Str:  7    XL:     6   Next: 9%
Magic:  15/17      EV: 13    Int: 21    God:
Gold:   181        SH:  0    Dex: 20    Spells: 10/18 levels left

rFire   . . .        a - +0 dagger
rCold   . . .        (no shield)
rNeg    . . .        b - +0 robe
rPois   .            n - +0 helmet
rElec   .            s - +0 cloak
rCorr   .            (no gloves)
SInv    .            (no boots)
Will    .....        (no amulet)
Stlth   +++          w - +6 ring of dexterity
HPRegen 0.25/turn    (no ring)
MPRegen 0.15/turn

%: no passive effects
@: no status effects
A: no striking features
a: no special abilities


You were in an ossuary.
You visited 1 branch of the dungeon, and saw 4 of its levels.
You also visited: Ossuary.

You collected 181 gold pieces.

Inventory:

Hand Weapons
 a - a +0 dagger (weapon)
Armour
 b - a +0 robe (worn)
 n - a +0 helmet (worn)
 o - a +0 buckler
 s - a +0 cloak (worn)
Magical Staves
 t - a staff of air
Jewellery
 w - a +6 ring of dexterity (left hand)
Wands
 m - a wand of roots (5)
Scrolls
 f - 5 scrolls of identify {unknown}
 g - 4 scrolls of magic mapping {unknown}
 k - a scroll of fog {unknown}
 l - a scroll of enchant armour {unknown}
 p - a scroll of noise {unknown}
 u - a scroll of blinking {unknown}
 x - a scroll of teleportation {unknown}
Potions
 c - a potion of brilliance {unknown}
 d - 2 potions of magic
 e - a potion of mutation {unknown}
 h - 2 potions of heal wounds {unknown}
 i - 2 potions of haste {unknown}
 j - a potion of attraction {unknown}
 q - a potion of flight {unknown}
 r - a potion of curing {unknown}
 v - 2 potions of might {unknown}


   Skills:
 - Level 1.0 Fighting
 - Level 1.0 Armour
 - Level 3.0 Dodging
 - Level 3.0 Stealth
 - Level 1.0 Shields
 * Level 6.7 Spellcasting
 + Level 3.1 Conjurations
 - Level 1.1 Summonings
 - Level 1.1 Translocations
 - Level 1.1 Air Magic
 + Level 0.0 Poison Magic
 + Level 0.0 Evocations


You had 10 spell levels left.
You knew the following spells:

 Your Spells              Type           Power      Damage    Failure   Level
a - Magic Dart            Conj           80%        1d7       2%          1
b - Mephitic Cloud        Conj/Pois/Air  13%        N/A       16%         3
c - Call Imp              Summ           22%        N/A       9%          2
d - Blink                 Tloc           22%        N/A       9%          2

Your spell library contained the following spells:

 Spells                   Type           Power      Damage    Failure   Level
 Slow                     Hex            28%        N/A       9%          1
 Cigotuvi's Dreadful Rot  Necr/Pois/Air  16%        N/A       12%         2
 Sublimation of Blood     Necr           7%         N/A       14%         2
 Wereblood                Tmut           7%         N/A       14%         2
 Ozocubu's Armour         Ice            7%         N/A       26%         3
 Metabolic Englaciation   Hex/Ice        3%         N/A       94%         5
 Simulacrum               Ice/Necr       3%         N/A       100%        6
 Summon Hydra             Summ           5%         N/A       100%        7


Dungeon Overview and Level Annotations

Branches:
Dungeon (4/15)            Ossuary (1/1)
 Temple: D:4-7

Altars:
Kikubaaqudgha

Shops:
D:1 :   D:2 (


Message History

You hit the gnoll zombie.
The gnoll zombie is moderately damaged.
The gnoll zombie closely misses you.
Your cerulean imp hits the gnoll zombie from afar with a -3 spear.
You hit the gnoll zombie.
The gnoll zombie is severely damaged.
The gnoll zombie hits you but does no damage.
Your cerulean imp hits the gnoll zombie from afar with a -3 spear.
Your magical contamination has completely faded away.
You strike the helpless gnoll zombie from behind!
You puncture the gnoll zombie!
You destroy the gnoll zombie!
The water moccasin zombie barely misses you.
Your cerulean imp hits the water moccasin zombie from afar with a -3 spear.
You closely miss the water moccasin zombie.
The water moccasin zombie is lightly damaged.
The water moccasin zombie misses you.
Your cerulean imp closely misses the water moccasin zombie.
You barely miss the water moccasin zombie.
The water moccasin zombie is lightly damaged.
The water moccasin zombie bites you!
Your cerulean imp hits the water moccasin zombie from afar with a -3 spear.
You barely miss the water moccasin zombie.
The water moccasin zombie is lightly damaged.
The water moccasin zombie barely misses you.
Your cerulean imp hits the water moccasin zombie from afar with a -3 spear.
You hit the water moccasin zombie.
The water moccasin zombie is moderately damaged.
The water moccasin zombie barely misses you.
Your cerulean imp closely misses the water moccasin zombie.
You hit the water moccasin zombie.
The water moccasin zombie is moderately damaged.
The water moccasin zombie bites you.
* * * LOW HITPOINT WARNING * * *
The water moccasin zombie bites you.
* * * LOW HITPOINT WARNING * * *
Your cerulean imp completely misses the water moccasin zombie.
The water moccasin zombie attacks as you move away!
The water moccasin zombie bites you.
You die... ##### ### ####### #...# #?!!?#...#.. #...+ +!$?!#.∩.'.. #...# #!!!!#...#.. ...# ### #####..
ZZ#

#..
###Z#
###
#..@#
#..
#5..#
#..
#...#
#..
#...#
#..
##'##
#'#
#...#
#..
#...#
#..
#...#
#..
#...#
#..


You could see an adder zombie, a water moccasin zombie (ally target), a
hobgoblin zombie and a friendly cerulean imp (summoned).

Vanquished Creatures
  A water moccasin zombie (Ossuary)
  An orc priest (D:3)
  A hound (D:4)
  Robin (D:2)
  7 adders
  An adder zombie (Ossuary)
  3 worms (D:2)
  A dart slug (D:2)
  2 orcs (D:3)
  6 ball pythons
  5 bats
  2 endoplasms
  A giant cockroach (D:3)
  5 gnoll zombies (Ossuary)
  12 goblins
  4 hobgoblins
  3 jackals (D:3)
  3 kobolds
  4 frilled lizards (D:2)
  2 hobgoblin zombies (Ossuary)
  4 kobold zombies
  2 orc zombies (Ossuary)
  A rat (D:1)
72 creatures vanquished.

Vanquished Creatures (collateral kills)
  An adder (D:3)
  2 orcs (D:3)
  A ball python (D:3)
  A gnoll zombie (Ossuary)
  2 goblins (D:2)
  2 hobgoblin zombies (Ossuary)
  A kobold zombie (Ossuary)
  An orc zombie (Ossuary)
11 creatures vanquished.

Vanquished Creatures (others)
  A plant (D:2)
1 creature vanquished.

Grand Total: 84 creatures vanquished

Notes
Turn   | Place    | Note
-------+----------+-------------------------------------------
     0 | D:1      | pokeman the Deep Elf Hedge Wizard began the quest for the
                  | Orb.
     0 | D:1      | Reached XP level 1. HP: 10/10 MP: 7/7
   239 | D:1      | You fall into a shaft and drop 1 floor!
   518 | D:1      | Reached XP level 2. HP: 16/16 MP: 6/9
   813 | D:1      | Found Danus's Vocational Training.
   977 | D:2      | Found Nefagiw's Weapon Emporium.
   990 | D:2      | Reached skill level 5 in Spellcasting
  1077 | D:2      | Reached XP level 3. HP: 12/20 MP: 4/11
  1082 | D:2      | Learned a level 3 spell: Mephitic Cloud
  1085 | D:2      | Learned a level 2 spell: Call Imp
  1088 | D:2      | Learned a level 2 spell: Blink
  1217 | D:2      | Noticed Robin
  1234 | D:2      | Killed Robin
  1235 | D:2      | Reached skill level 1 in Fighting
  1266 | D:2      | Reached skill level 1 in Armour
  1850 | D:2      | Reached XP level 4. HP: 10/25 MP: 1/13
  2679 | D:3      | Found an ancient bone altar of Kikubaaqudgha.
  2939 | D:3      | Reached skill level 6 in Spellcasting
  2939 | D:3      | Reached XP level 5. HP: 13/29 MP: 2/15
  3465 | D:3      | Found a faded altar of an unknown god.
  3885 | D:4      | Noticed a wyvern
  3916 | D:3      | HP: 1/29 [poisoned by an adder]
  3985 | D:4      | Found a sand-covered staircase.
  3996 | Ossuary  | Entered an ossuary
  4390 | Ossuary  | Reached skill level 1 in Shields
  4390 | Ossuary  | Reached skill level 1 in Air Magic
  4390 | Ossuary  | Reached XP level 6. HP: 15/34 MP: 17/17
  4407 | Ossuary  | Slain by a water moccasin zombie

Illustrated notes

Levels and vault maps discovered:
D:1:      sevenhm_arrival_forest_fort_large_2, layout_loops_ring,
          nicolae_shop_vocational
D:2:      layout_loops_ring, serial_forest, infiniplex_forest_straight_2,
          infiniplex_forest_lined_1, infiniplex_forest_join,
          infiniplex_forest_corner_1, infiniplex_forest_lined_3_way,
          infiniplex_forest_end_2, serial_shops, shop, grunt_ministairs_1,
          uniq_robin
D:3:      layout_basic, lemuel_tele_altar,
          hellmonk_ecumenical_altar_inner_sanctum
D:4:      layout_cave_pools, serial_shops, nicolae_square_shop, enter_ossuary_3,
          st_stairs_2
Ossuary:  ossuary_tomb_2

Skill      XL: |  1  2  3  4  5 |
---------------+----------------+-----
Spellcasting   | 5 6 |  6.7
Fighting       | 1 |  1.0
Conjurations   | 2 3 |  3.1
Armour         | 1 |  1.0
Stealth        | 3 |  3.0
Dodging        | 3 |  3.0
Shields        | 1 |  1.0
Air Magic      | 1 |  1.1
Summonings     | |  1.1
Translocations | |  1.1

Action                     |  1- 3 |  4- 6 || total
---------------------------+-------+-------++-------
  Melee: Dagger            |    21 |    80 ||   101
   Cast: Magic Dart        |    68 |   128 ||   196
         Call Imp          |     3 |     7 ||    10
         Mephitic Cloud    |     2 |     5 ||     7
   Stab: Confused          |     4 |     1 ||     5
         Distracted        |       |     1 ||     1
 Armour: Robe              |     2 |    30 ||    32
  Dodge: Dodged            |    16 |    71 ||    87

Table legend: (Time is in decaauts)
 A = Elapsed time spent in this place.
 B = Non-inter-level travel time spent in this place.
 C = Inter-level travel time spent in this place.
 D = Time resting spent in this place.
 E = Time spent auto-exploring this place.
 F = Levels seen in this place.
 G = Mean time per level.
                   A        B        C        D        E       F      G
               +--------+--------+--------+--------+--------+-----+--------+
         Total |   4406 |   4219 |    187 |    131 |   3452 |   5 |  881.2 |
       Dungeon |   3995 |   3808 |    187 |    131 |   3141 |   4 |  998.8 |
       Ossuary |    410 |    410 |      0 |      0 |    311 |   1 |  410.0 |
               +--------+--------+--------+--------+--------+-----+--------+

Top non-repeatable levels by time:
     D:2: 1600 daAuts
     D:3: 1248 daAuts
     D:1: 957 daAuts
 Ossuary: 410 daAuts
     D:4: 188 daAuts
